 Dungeon Crawl Stone Soup version 0.29-a0-284-gf9362112df (webtiles) character file.

Game seed: 5592329048507491792

70 horus123 the Magician (level 4, -1/24 HPs)
             Began as a Deep Elf Conjurer on Mar 23, 2022.
             Slain by an orc
             ... wielding a +0 short sword
              (4 damage)
             ... on level 2 of the Dungeon.
             The game lasted 00:03:20 (1878 turns).

horus123 the Magician (Deep Elf Conjurer)           Turns: 1878, Time: 00:03:21

Health: -1/24      AC:  2    Str:  4    XL:     4   Next: 3%
Magic:  14/23      EV: 12    Int: 25    God:
Gold:   103        SH:  0    Dex: 13    Spells: 8/15 levels left

rFire   . . .      SeeInvis .   n - +0 short sword
rCold   . . .      Faith    .   (no shield)
rNeg    . . .      Spirit   .   a - +0 robe
rPois   .          Reflect  .   (no helmet)
rElec   .          Harm     .   (no cloak)
rCorr   .          Rampage  .   (no gloves)
Will    .....                   (no boots)
Stlth   ++........              (no amulet)
HPRegen 0.08/turn               g - ring of magical power
MPRegen 0.18/turn               (no ring)

@: no status effects
A: no striking features
a: no special abilities


You were on level 2 of the Dungeon.
You visited 1 branch of the dungeon, and saw 3 of its levels.

You collected 103 gold pieces.

Inventory:

Hand Weapons
 n - a +0 short sword (weapon)
Armour
 a - a +0 robe (worn)
Jewellery
 g - a ring of magical power (left hand)
Scrolls
 c - a scroll of fear {unknown}
 d - 2 scrolls of magic mapping {unknown}
 f - a scroll of enchant armour {unknown}
 h - a scroll of torment {unknown}
 i - a scroll of noise {unknown}
 k - a scroll of brand weapon {unknown}
 l - 2 scrolls of amnesia {unknown}
 m - a scroll of enchant weapon {unknown}
Potions
 b - 2 potions of magic
 e - a potion of mutation {unknown}
 j - a potion of curing {unknown}


   Skills:
 - Level 2.4 Dodging
 - Level 2.4 Stealth
 + Level 6.0 Spellcasting
 - Level 4.3 Conjurations


You had 8 spell levels left.
You knew the following spells:

 Your Spells              Type           Power      Damage    Failure   Level
a - Magic Dart            Conj           100%       1d8       1%          1
b - Freeze                Ice            28%        1d5       8%          1
c - Searing Ray           Conj           58%        2d6       1%          2
d - Stone Arrow           Conj/Erth      36%        3d9       9%          3

Your spell library contained the following spells:

 Spells                   Type           Power      Damage    Failure   Level
 Dazzling Flash           Conj/Hex       36%        N/A       9%          3
 Frozen Ramparts          Ice            14%        1d3       22%         3
 Fulminant Prism          Conj/Hex       9%         3d7       30%         4
 Hailstorm                Conj/Ice       18%        3d6       30%         4
 Iskenderun's Mystic Bla  Conj/Tloc      18%        2d6       30%         4
 Animate Armour           Summ/Erth      14%        N/A       58%         4
 Lehudib's Crystal Spear  Conj/Erth      9%         10d4      100%        8


Dungeon Overview and Level Annotations

Branches:
Dungeon (3/15)

Altars:


Message History

Okay, then.
Unknown command.
You climb upwards.
There is a stone staircase leading down here.
The magic dart hits the orc.
The orc is almost dead.
The orc hits you with a +0 hand axe.
The magic dart hits the orc.
You kill the orc!
You have reached level 4!
You feel clever.
You climb downwards.
The orc hits you with a +0 short sword. The orc misses you.
There is a stone staircase leading up, spattered with blood here.
Okay, then.
The orc wizard points at you and mumbles some strange words.
The puff of flame hits you! The orc hits you with a +0 hand axe.
The orc hits you with a +0 short sword.
You climb upwards.
There is a stone staircase leading down here.
Okay, then.
Casting: Magic Dart (safe; 1% risk of failure)
Confirm with . or Enter, or press ? or * to list all spells.
The spell is quite dangerous to miscast (9% risk of failure)!
Continue anyway?
Aiming: Stone Arrow (quite dangerous; 9% risk of failure)
Press: ? - help, Shift-Dir - straight line, f - orc
Aim: an orc, wielding a +0 hand axe (68% to hit)
The stone arrow hits the orc!
You kill the orc!
The orc hits you with a +0 short sword.
* * * LOW HITPOINT WARNING * * *
Your Spellcasting skill increases to level 6!
Casting: Stone Arrow (quite dangerous; 9% risk of failure)
Confirm with . or Enter, or press ? or * to list all spells.
The spell is quite dangerous to miscast (9% risk of failure)!
Continue anyway?
Aiming: Stone Arrow (quite dangerous; 9% risk of failure)
Press: ? - help, Shift-Dir - straight line, f - orc
Aim: an orc, wielding a +0 short sword (68% to hit)
The stone arrow misses the orc.
The orc hits you with a +0 short sword.
You die...

#.###...#....# ###...#.#.#.##...
#..##...#....####.....#.#.#.##.##
#.....................#...#.##.#
###########.###########.#.#.##.#
'...........................##.#
#########.####.#######..#......#
...........# #..# #......<####
...........####)## #.........###
...........'....@# #.#######....
...........#####o# #.# #####
...........# #.# #.# ........(..#
#.# #.# ...........# #.# #.#
.†.........# #.# #.# ...........#
#.# #.# ############ #.# #.# #.#
#.#


You could see an orc.

Vanquished Creatures
  2 adders (D:2)
  2 worms (D:2)
  A dart slug (D:2)
  2 orcs (D:2)
  3 endoplasms
  A giant cockroach (D:1)
  3 goblins
  6 hobgoblins
  3 jackals (D:1)
  4 quokkas
  3 ball pythons
  2 bats (D:2)
  2 frilled lizards (D:2)
  3 kobolds
  4 rats
41 creatures vanquished.

Notes
Turn   | Place    | Note
-------+----------+-------------------------------------------
     0 | D:1      | horus123 the Deep Elf Conjurer began the quest for the Orb.
     0 | D:1      | Reached XP level 1. HP: 10/10 MP: 6/6
   279 | D:1      | Reached skill level 4 in Spellcasting
   279 | D:1      | Reached XP level 2. HP: 15/15 MP: 3/9
   440 | D:1      | Learned a level 1 spell: Freeze
   475 | D:1      | Learned a level 2 spell: Searing Ray
  1150 | D:2      | Reached skill level 5 in Spellcasting
  1150 | D:2      | Reached XP level 3. HP: 19/19 MP: 11/11
  1160 | D:2      | Identified the +3 robe "Aleped" {+Blink Will++ Str+5 Int-5}
  1235 | D:2      | Learned a level 3 spell: Stone Arrow
  1873 | D:2      | Reached XP level 4. HP: 23/24 MP: 13/13
  1878 | D:2      | Reached skill level 6 in Spellcasting
  1878 | D:2      | Slain by an orc

Illustrated notes

Levels and vault maps discovered:
D:1:      kennysheep_arrival_forest, layout_rooms,
          ebering_dispersal_statue_hall, bh_walls_and_bars
D:2:      minmay_recursive_quarters, layout_basic,
          wander_ebering_terrifying_dragon_lair
D:3:      layout_loops_ring, grunt_gozag_breadcrumbs,
          mainiacjoe_overflow_six_doors_small,
          hellmonk_ecumenical_altar_pennies_from_heaven, uniq_ijyb

Skill      XL: |  1  2  3  4 |
---------------+-------------+-----
Spellcasting   | 4 5 6 |  6.0
Dodging        | |  2.4
Stealth        | |  2.4
Conjurations   | |  4.3

Action                   |  1- 3 |  4- 6 || total
-------------------------+-------+-------++-------
 Cast: Magic Dart        |    72 |       ||    72
       Searing Ray       |     2 |       ||     2
       Stone Arrow       |       |     2 ||     2
Armor: Robe              |     1 |       ||     1
Dodge: Dodged            |     2 |     1 ||     3

Table legend: (Time is in decaauts)
 A = Elapsed time spent in this place.
 B = Non-inter-level travel time spent in this place.
 C = Inter-level travel time spent in this place.
 D = Time resting spent in this place.
 E = Time spent auto-exploring this place.
 F = Levels seen in this place.
 G = Mean time per level.
                   A        B        C        D        E       F      G
               +--------+--------+--------+--------+--------+-----+--------+
         Total |   1877 |   1835 |     42 |    215 |   1402 |   3 |  625.7 |
       Dungeon |   1877 |   1835 |     42 |    215 |   1402 |   3 |  625.7 |
               +--------+--------+--------+--------+--------+-----+--------+

Top non-repeatable levels by time:
     D:2: 975 daAuts
     D:1: 897 daAuts
     D:3: 5 daAuts
